AoeStats
← pascapas

Black Forest

507594748Analyzed
4v4 RM · 15d ago on Sep 18, 2026· 101m 6s· 8 players
Game mode
Random Map
Map size
Large (8 player)
Population
200
Speed
Normal
Resources
Standard
Victory
Conquest
Starting age
Dark Age
Ending age
Imperial Age
RankedLock teamsTeams togetherTeam positionsShared explorationLock speedFull tech treeHidden civsTurbo modeCheats
Victory
Defeat
🇨🇭 Franks · Switzerland
788
+13
🇳🇿 Chinese · New Zealand
617
+20
🇺🇸 Khmer · United States
582
+21
🇦🇷 Teutons · Argentina
406
+28
🇺🇸 Britons · United States
764
-22
🇫🇷 Bohemians · France
711
-20
🇧🇷 Malians · Brazil
681
-20
🇩🇪 Teutons · Germany
678
-20
Sg1Sga
0:59 Loom
15:22 Feudal Age
15:48 Horse Collar
17:59 Man-at-Arms
18:33 Double-Bit Axe
24:46 Castle Age
25:08 Wheelbarrow
24:30 Gold Mining
24:32 Stone Mining
24:50 Arson
26:12 Pikeman
26:52 Squires
26:38 Gambesons
31:03 Scale Mail Armor
33:40 Hand Cart
33:59 Bow Saw
34:56 Caravan
35:46 Town Watch
36:21 Heavy Plow
38:08 Town Patrol
38:30 Long Swordsman
42:02 Imperial Age
40:51 Fortified Wall
43:55 Chemistry
43:24 Conscription
44:56 Chain Mail Armor
44:52 Forging
44:43 Padded Archer Armor
44:49 Scale Barding Armor
46:22 Crop Rotation
46:18 Crenellations
46:48 Stone Shaft Mining
46:37 Cavalier
48:04 Elite Teutonic Knight
49:07 Paladin
50:08 Bloodlines
52:23 Bombard Tower
52:25 Ballistics
51:55 Heated Shot
53:29 Onager
56:09 Siege Onager
57:35 Ironclad
62:09 Halberdier
71:33 Two-Handed Swordsman
74:43 Champion
76:16 Plate Mail Armor
76:21 Iron Casting
76:07 Chain Barding Armor
76:02 Leather Archer Armor
75:38 Fletching
75:45 Arrowslits
75:50 Guard Tower
80:45 Blast Furnace
80:21 Plate Barding Armor
82:06 Elite Skirmisher
Straker
16:39 Feudal Age
18:25 Wheelbarrow
17:39 Double-Bit Axe
20:08 Man-at-Arms
25:02 Horse Collar
28:03 Castle Age
29:40 Bow Saw
29:42 Heavy Plow
30:08 Caravan
32:30 Squires
31:50 Pikeman
34:59 Hand Cart
43:30 Imperial Age
42:48 Chemistry
45:57 Fishing Lines
46:52 Elite Hussite Wagon
47:18 Halberdier
48:19 Elite Hussite Wagon
50:40 Halberdier
52:24 Gillnets
60:41 Two-Man Saw
62:59 Capped Ram
73:40 Houfnice
73:43 Onager
78:42 Husbandry
94:57 Long Swordsman
Au_Goose
11:00 Feudal Age
12:36 Double-Bit Axe
14:33 Horse Collar
20:53 Castle Age
21:48 Heavy Plow
22:01 Bow Saw
21:48 Gold Mining
23:27 Wheelbarrow
22:51 Town Watch
23:55 Gold Shaft Mining
23:10 Stone Mining
24:10 Ballistics
26:13 Hand Cart
26:05 Town Patrol
28:29 Coinage
28:01 Caravan
33:33 Imperial Age
30:54 Loom
31:28 Fletching
31:39 Padded Archer Armor
31:39 Murder Holes
32:00 Masonry
31:50 Murder Holes
33:31 Treadmill Crane
35:24 Two-Man Saw
34:46 Bodkin Arrow
35:07 Leather Archer Armor
35:56 Chemistry
35:33 Architecture
35:15 Elite Longbowman
36:46 Yeomen
37:04 Ring Archer Armor
36:35 Bracer
38:41 Guilds
39:02 Banking
38:41 Scale Mail Armor
38:58 Forging
39:01 Siege Engineers
38:27 Pikeman
40:50 Warwolf
41:54 Halberdier
42:35 Squires
42:20 Arson
79:58 Chain Mail Armor
80:19 Iron Casting
79:50 Scale Barding Armor
83:07 Plate Mail Armor
•SHS - Léo
0:51 Loom
14:36 Feudal Age
15:13 Stone Mining
15:10 Fishing Lines
17:13 Double-Bit Axe
17:23 Gold Mining
21:55 Castle Age
21:47 Horse Collar
24:43 Heavy Plow
28:09 Bow Saw
32:31 Imperial Age
32:03 Stone Shaft Mining
32:07 Gold Shaft Mining
32:56 Wheelbarrow
32:58 Gillnets
35:55 Chemistry
38:00 Hand Cart
38:51 Tigui
39:07 Farimba
42:51 Heavy Camel Rider
50:52 Scale Barding Armor
50:48 Scale Mail Armor
50:58 Forging
53:24 Husbandry
53:35 Bloodlines
DK3175
0:29 Loom
12:03 Feudal Age
17:53 Castle Age
15:48 Double-Bit Axe
26:11 Horse Collar
27:52 Wheelbarrow
27:43 Heavy Plow
28:02 Stone Mining
29:32 Hand Cart
29:31 Bow Saw
29:40 Forging
29:22 Fletching
29:33 Padded Archer Armor
31:14 Iron Casting
34:47 Imperial Age
33:22 Leather Archer Armor
33:14 Bodkin Arrow
34:37 Thumb Ring
35:12 Stone Shaft Mining
37:00 Chemistry
35:45 Elite Chu Ko Nu
37:08 Conscription
37:12 Bracer
38:29 Blast Furnace
38:13 Ring Archer Armor
37:24 Heavy Rocket Cart
40:11 Two-Man Saw
96:27 Spies/Treason
MoldyShelf59466
0:30 Loom
18:55 Feudal Age
19:40 Horse Collar
19:50 Double-Bit Axe
24:29 Wheelbarrow
24:50 Town Watch
27:35 Gold Mining
27:36 Stone Mining
32:54 Castle Age
31:56 Man-at-Arms
33:20 Scale Mail Armor
34:12 Bow Saw
34:21 Caravan
35:31 Hand Cart
38:39 Gold Shaft Mining
42:46 Tusk Swords
43:44 Stone Shaft Mining
49:14 Imperial Age
54:19 Scale Barding Armor
54:07 Fletching
pablo1996
0:27 Loom
16:09 Feudal Age
22:48 Double-Bit Axe
27:54 Castle Age
33:26 Caravan
34:19 Forging
34:09 Scale Mail Armor
34:15 Scale Barding Armor
34:00 Fletching
34:10 Padded Archer Armor
36:43 Wheelbarrow
37:35 Pikeman
38:15 Squires
38:02 Arson
40:16 Bow Saw
43:00 Imperial Age
40:55 Fortified Wall
42:04 Iron Casting
41:44 Chain Mail Armor
48:20 Arrowslits
49:36 Chemistry
49:01 Crenellations
49:02 Ironclad
48:03 Elite Teutonic Knight
49:04 Conscription
48:14 Sappers
49:20 Hoardings
49:04 Capped Ram
49:28 Cavalier
50:19 Bloodlines
54:46 Crossbowman
54:46 Elite Skirmisher
59:17 Paladin
75:39 Gold Mining
75:40 Stone Mining
89:42 Blast Furnace
88:57 Chain Mail Armor
89:03 Chain Barding Armor
88:38 Bodkin Arrow
88:58 Leather Archer Armor
pascapas
0:45 Loom
12:50 Feudal Age
15:03 Double-Bit Axe
22:03 Castle Age
21:42 Forging
21:24 Fletching
21:49 Gold Mining
24:42 Wheelbarrow
23:54 Town Watch
25:15 Bow Saw
29:31 Husbandry
29:43 Scale Barding Armor
29:39 Bodkin Arrow
34:00 Imperial Age
32:16 Gold Shaft Mining
32:33 Chain Barding Armor
33:24 Hand Cart
33:11 Town Patrol
35:40 Iron Casting
35:41 Plate Barding Armor
34:37 Cavalier
37:14 Chivalry
36:51 Paladin
37:16 Light Cavalry
42:39 Caravan
71:26 Blast Furnace
73:53 Conscription
Connection lost

Rejoining the realm…

Still unreachable

The connection could not be restored.

Session expired

The server has moved on; the page needs a fresh start.